 Dungeon Sprint DCSS version 0.31-a0-496-g6f97920a28 (webtiles) character file.

Game seed: 7091138083211876140

1173 Midn8 the Grappler (level 8, -12/138 HPs)
             Began as a Troll Berserker on Aug 8, 2023.
             Was a High Priest of Trog.
             Killed from afar by a lava snake (14 damage)
             ... with a glob of lava
             ... in the Dungeon (Sprint II: "The Violet Keep of Menkaure").
             The game lasted 00:01:57 (280 turns).

Midn8 the Grappler (Troll Berserker)                 Turns: 280, Time: 00:01:57

Health: -12/138    AC:  4    Str: 26    XL:     8   Next: 18%
Magic:  7/7        EV:  8    Int:  5    God:    Trog [*****.]
Gold:   545        SH:  9    Dex:  9    Spells: 7/7 levels left

rFire   . .          .
                       - Unarmed
rCold   . . .        h - +2 kite shield
rNeg    . . .        a - +0 animal skin
rPois   .            (helmet restricted)
rElec   .            (no cloak)
rCorr   .            (gloves unavailable)
SInv    .            (boots unavailable)
Will    .....        (no amulet) Stlth
                     (no ring)
HPRegen 1.23/turn    (no ring)
MPRegen 0.10/turn

%: no teleportation
@: berserking (expiring), very quick
A: large, unfitting armour, claws 3, regeneration 1, shaggy fur 1, tough skin 1
a: Renounce Religion, Berserk, Trog's Hand, Brothers in Arms


You were in the Dungeon.
You worshipped Trog.
Trog was extremely pleased with you.
You visited 1 branch You collected 747 gold pieces.
You spent 202 gold pieces at shops.

Inventory:

Armour
 a - a +0 animal skin (worn)
 h - a +2 kite shield (worn)
Scrolls
 g - a scroll of blinking
Potions
 b - a potion of curing
 c - a potion of heal wounds
 d - a potion of haste
 e - 2 potions of magic
 f - a potion of berserk rage


   Skills:
 + Level 9.2 Fighting
 - Level 2.4 Dodging
 + Level 1.9 Shields
 * Level 14.7 Unarmed Combat


You had 7 spell levels left.
You didn't know any spells.
Your spell library was empty.

Dungeon Overview and Level Annotations

Branches:
Dungeon (1/1)

Altars:
Cheibriados
Hepliaklqana
Kikubaaqudgha
Qazlal
Ru
Sif Muna
Trog
Wu Jian
Xom
Jiyva

Shops:
D !(::[(=[?[!!:=?

Annotations:
D exclusion: oklob plant


Innate Abilities, Weirdness & Mutations

You are too large for most types of armour.
You have claws for hands.
Your natural rate of healing is unusually fast.
You are covered in fur. (AC +1)
You have tough skin. (AC +1)


Message History

You start resting.
HP restored.
You enter the shallow water.
You open the gate. 4 lava snakes come into view.
The lava snake hisses angrily. x2
The lava snake moves out of view. x2
You are engulfed in blazing flames.
The lava snake hisses angrily.
The lava snake spits lava at you. The glob of lava hits you!
There is an open gate here.
Unknown command.
You scratch the lava snake but do no damage.
You are engulfed in blazing flames.
A red film seems to cover your vision as you go berserk!
You feel yourself moving faster!
You feel mighty!
You are engulfed in blazing flames.
You block the lava snake's attack.
You eviscerate the lava snake!!!
You kill the lava snake!
Trog accepts your kill.
You are engulfed in blazing flames.
* * * LOW HITPOINT WARNING * * *
You block the lava snake's attack.
You eviscerate the lava snake!!!
You kill the lava snake!
Trog accepts your kill.
Trog will now gift you melee weapons as you gain piety.
You barely miss the lava snake. The lava snake spits lava at you.
The glob of lava hits you!!
* * * LOW HITPOINT WARNING * * *
You miss the lava snake. You barely miss the lava snake.
The lava snake spits lava at you. The glob of lava hits you!!
* * * LOW HITPOINT WARNING * * *
The lava snake spits lava at you. The glob of lava hits you!
You die...

##...⌠....'~'###†.<.'.##'..###
##........#~#.#.##.####†#....###
#▓▓▓▓▓▓▓###~##.###†###.##......~
##)$D######~~####.#.####~~§..§.~
#!.h# ##~~~#..#..#~~~§~~~§.~
#∩P?+ #'#~###.###~~§§~§§~.~ #!$.
#.#~~##+##~~~§§§~~§~~
####○°~~~~~§~§§≈§≈~~~
#@°°#+++#§≈≈≈§≈§≈~
#SS°≈°°§##≈≈§###§≈ ☼§§○○°≈§§#
○§§○○○°°≈≈≈ ##§°○°○☼≈≈§#
##≈○○°○§≈## ####+####


You could see 2 lava snakes.

Vanquished Creatures
  A merfolk siren (D)
  2 wyverns (D)
  A vampire mosquito (D)
  A water moccasin (D)
  4 scorpions (D)
  2 lava snakes (D)
  3 worms (D)
14 creatures vanquished.

Notes
Turn   | Place    | Note
-------+----------+-------------------------------------------
     0 | D        | Midn8 the Troll Berserker began the quest for the Orb.
     0 | D        | Reached XP level 1. HP: 22/22 MP: 0/0
     1 | D        | Noticed a scorpion
     1 | D        | Noticed a scorpion
     1 | D        | Noticed a scorpion
     1 | D        | Noticed a scorpion
     7 | D        | Killed a scorpion
     8 | D        | Reached skill level 6 in Unarmed Combat
     8 | D        | Reached XP level 2. HP: 32/32 MP: 1/1
     8 | D        | Reached XP level 3. HP: 39/39 MP: 2/2
    11 | D        | Killed a scorpion
    12 | D        | Reached skill level 5 in Fighting
    12 | D        | Reached skill level 8 in Unarmed Combat
    12 | D        | Reached XP level 4. HP: 50/50 MP: 3/3
    13 | D        | Killed a scorpion
    13 | D        | Reached ** piety under Trog
    14 | D        | Reached skill level 9 in Unarmed Combat
    14 | D        | Reached XP level 5. HP: 58/59 MP: 4/4
    17 | D        | Reached skill level 10 in Unarmed Combat
    58 | D        | Noticed a merfolk siren
    64 | D        | Killed a merfolk siren
    64 | D        | Reached *** piety under Trog
    65 | D        | Reached skill level 12 in Unarmed Combat
    65 | D        | Reached XP level 6. HP: 72/72 MP: 5/5
    65 | D        | Reached XP level 7. HP: 79/79 MP: 6/6
    67 | D        | Noticed a wyvern
    67 | D        | Noticed a wyvern
    73 | D        | Killed a wyvern
    74 | D        | Reached skill level 13 in Unarmed Combat
    79 | D        | Killed a wyvern
    79 | D        | Reached **** piety under Trog
    80 | D        | Reached skill level 14 in Unarmed Combat
   157 | D        | Found a stormy altar of Qazlal.
   157 | D        | Found an ornate altar of the Wu Jian Council.
   158 | D        | Found a hazy altar of Hepliaklqana.
   158 | D        | Found a sacrificial altar of Ru.
   159 | D        | Found a viscous altar of Jiyva.
   159 | D        | Found a shimmering blue altar of Sif Muna.
   160 | D        | Found a snail-covered altar of Cheibriados.
   160 | D        | Found an ancient bone altar of Kikubaaqudgha.
   160 | D        | Found a shimmering altar of Xom.
   160 | D        | Found a bloodstained altar of Trog.
   179 | D        | Found Juskozxuidd's Magic Scroll Emporium.
   179 | D        | Found Laqule's Distillery.
   179 | D        | Found Wephu's Jewellery Shoppe.
   179 | D        | Found Beattid's Book Emporium.
   179 | D        | Found Gatuegaj's Antique Armour Shoppe.
   179 | D        | Found Etui's Magic Scroll Emporium.
   179 | D        | Found Effiw's Armour Shoppe.
   179 | D        | Found Birhoall's Distillery.
   179 | D        | Found Joih's Jewellery Shoppe.
   180 | D        | Found Winy's Antique Weapon Shoppe.
   180 | D        | Noticed a polar bear
   181 | D        | Noticed a polar bear
   182 | D        | Found Omawaso's Antique Armour Emporium.
   182 | D        | Found Piusiopp's Book Shoppe.
   182 | D        | Noticed an oklob plant
   182 | D        | Noticed an ice dragon
   183 | D        | Found Qigurcher's Antique Weapon Shoppe.
   183 | D        | Found Kudaidupt's Book Shoppe.
   183 | D        | Found Qeskag's Distillery.
   192 | D        | Bought a glowing kite shield for 202 gold pieces
   249 | D        | Noticed a vampire mosquito
   252 | D        | Killed a vampire mosquito
   253 | D        | Reached skill level 1 in Shields
   253 | D        | Reached XP level 8. HP: 75/92 MP: 7/7
   277 | D        | Reached ***** piety under Trog
   280 | D        | HP: 2/138 [lava snake/glob of lava (20)]
   280 | D        | Killed from afar by a lava snake

Illustrated notes

Levels and vault maps discovered:
D:        the_violet_keep_of_menkaure [sprint2_stairs_cluster_1,
          sprint2_shoproom, sprint2_temple, sprint2_basic_supplies,
          sprint2_obstacle_5, sprint2_obstacle_3, sprint2_obstacle_7,
          sprint2_obstacle_1, sprint2_obstacle_4, sprint2_timed_cluster_1,
          sprint2_smallroom_cluster_1, sprint2_smallroom_final_cluster_1,
          sprint2_transparent_cluster_1, sprint2_second_timed_cluster_1,
          sprint2_sniper_area_1, sprint2_heavy_combat_area_1,
          sprint2_mutation_trap_area_1, sprint2_forest_area_1,
          sprint2_light_combat_area_1, sprint2_behind_water_1,
          sprint2_near_end_vault_1]

Skill      XL: |  1  2  3  4  5  6  7 |
---------------+----------------------+-----
Fighting       | 4 5 7 9 |  9.2
Unarmed Combat | 6 8 9 12 14 | 14.7
Shields        | 1 |  1.9
Dodging        | |  2.4

Action                     |  1- 3 |  4- 6 |  7- 9 || total
---------------------------+-------+-------+-------++-------
  Melee: Unarmed           |     8 |    11 |    25 ||    44
 Invoke: Berserk           |     1 |       |     1 ||     2
 Armour: Animal skin       |     1 |     1 |     1 ||     3
  Dodge: Dodged            |     1 |       |     5 ||     6
  Block: Kite shield       |       |       |     3 ||     3

Table legend: (Time is in decaauts)
 A = Elapsed time spent in this place.
 B = Non-inter-level travel time spent in this place.
 C = Inter-level travel time spent in this place.
 D = Time resting spent in this place.
 E = Time spent auto-exploring this place.
 F = Levels seen in this place.
 G = Mean time per level.
                   A        B        C        D        E       F      G
               +--------+--------+--------+--------+--------+-----+--------+
         Total |    278 |    278 |      0 |     93 |      0 |   1 |  278.0 |
       Dungeon |    278 |    278 |      0 |     93 |      0 |   1 |  278.0 |
               +--------+--------+--------+--------+--------+-----+--------+

Top non-repeatable levels by time:
       D: 278 daAuts
